[Event "LL B"]
[Site "Uttendorf"]
[Date "2005.10.22"]
[Round "?"]
[White "Halilovic, Husejin"]
[Black "Grundner, Alois"]
[Result "1/2-1/2"]
[ECO "B01"]
[WhiteElo "2210"]
[BlackElo "1863"]
[Annotator "Fritz 8 (15s)"]
[PlyCount "136"]
[TimeControl "240+2"]

{96MB, Fritz8.ctg, OEMComputer B01: Skandinavische Verteidigung} 1. e4 d5 2.
exd5 Nf6 3. d4 Nxd5 4. c4 Nb6 5. Nf3 Bg4 6. Be2 e6 7. O-O Be7 8. b3 N8d7 9. Bb2
Nf6 10. Ne5 Bxe2 11. Qxe2 O-O 12. Nd2 c5 13. Ndf3 Qc7 14. Rfd1 Rad8 15. dxc5
Bxc5 16. Rxd8 Rxd8 17. Ng5 Rf8 18. Nd3 (18. Ng4 Nxg4 19. Qxg4 h6 $16) 18...
Nbd7 $14 19. Rd1 h6 (19... Bd6 20. Nf3 $14) 20. Nf3 a6 21. Nxc5 Qxc5 22. Bd4
Qa5 23. h3 {Verhindert das Eindringen auf g4} Re8 24. Ne5 Nf8 25. Rd3 Rd8 26.
Bc3 Qc7 27. Rg3 Qd6 $2 (27... Ne8 28. Qh5 $14) 28. Nd3 (28. Nc6 $142 $1 bxc6
29. Bxf6 Qd1+ 30. Qf1 $18 Qxf1+ 31. Kxf1 Rd1+ 32. Ke2 Rd7 33. Rxg7+ Kh8 34. g4 ) 28... Ng6 29. Qf3 Qe7 30. Bxf6 gxf6 31.
h4 Kh7 32. h5 Nh4 33. Qe4+ Nf5 (33... f5) 34. Rf3 Rd4 35. Qe2 Qd8 36. g3 {
Nimmt Einfluß auf h4} (36. Ne1 Rd2 37. Qe4 Qb6 $11) 36... Qg8 37. Qc2 Qg4 38.
Rf4 Qxh5 39. Rxd4 Nxd4 40. Qb1 (40. Nf4+ Nxc2 41. Nxh5 Kg6 42. Nf4+ Kf5 $15)
40... Nf3+ 41. Kg2 Qf5 42. Qd1 Ng5 43. Nf4 e5 44. Qd3 e4 45.
Qe2 (45. Qd5 Qc8 $11) 45... Nf3 46. Qe3 (46. Qd3) 46... Qe5 47. Qb6 Qa1 48.
Qxb7 Qg1+ 49. Kh3 Ng5+ 50. Kg4 Qxf2 51. Qxa6 $4 {und es geht weiter bergab} (
51. Qe7 $142 $17) 51... Qf3+ $19 52. Kf5 e3 53. c5 Qe4+ (53... Ne6 $142 {ist
der schnellste Weg} 54. Kxf6 Nxf4 55. gxf4 e2 $19) 54. Kxf6 $11 (54. Kg4 f5+ 55. Kh4 Qh1+ 56. Nh3 Qxh3# ) 54... Qd4+ 55. Ke7 $4 {wirft den Vorteil weg} (55.
Kf5 Qe4+ 56. Kf6 Ne6 $14) 55... Qxc5+ $4 {danach kann Schwarz alle Träume
begraben} (55... Qe5+ 56. Kf8 Qxc5+ 57. Ke8 Qe5+ 58. Kf8 Ne6+ 59. Nxe6 Qxe6 (
59... fxe6 $6 60. Qe2 $17) 60. Qd3+ f5 $19) 56. Kd7 (56. Qd6 Qb5 57. Qd3+ Qxd3
58. Nxd3 $14) 56... Qd4+ (56... Nf3 57. Qf6 Ne5+ 58. Kd8 $19) 57. Kc8 (57. Kc6
$15) 57... Qc5+ (57... Ne4 58. Qd3 Qe5 59. a4 $19) 58. Kb7 (58. Kd7 $5 $11)
58... Qe7+ (58... Ne6 59. Qd3+ Kg8 $19) 59. Kb6 $15 Qd6+ 60. Kb5 Qd2 61. Kc6
Ne4 62. Qd3 f5 63. Qc4 $4 {gibt den Vorteil aus der Hand} (63. b4 $142 $11 {
und Weiß spielt mit}) 63... Qd6+ $19 (63... Qxa2 $4 {führt zum Matt in 2} 64.
Qf7+ Kh8 65. Ng6#) (63... Nxg3 $4 {ist Matt in 2} 64. Qf7+ Kh8 65. Ng6#) 64.
Kb5 Qb8+ (64... Nxg3 $4 {Schwarz schlägt einen vergifteten Bauern} 65. Qf7+ Kh8
66. Ng6+ Qxg6 67. Qxg6 $18) 65. Ka4 (65. Ka5 $142 $5 Qd8+ 66. Ka4 Qd7+ 67. Ka3
Nxg3 68. Qa6 $17) 65... Qa7+ $19 (65... Nxg3 $4 {wird durch Matt widerlegt in 2
} 66. Qf7+ Kh8 67. Ng6#) 66. Kb4 Qb6+ $4 {danach wendet sich das Blatt} (66...
Qe7+ $142 {nun kommt Schwarz in Vorteil} 67. Ka5 Nxg3 $19) 67. Ka3 $11 Qa5+ (
67... Nxg3 $4 {vergiftet...} 68. Qf7+ Kh8 69. Ng6+ Qxg6 70. Qxg6 $18) 68. Kb2
Qd2+ (68... Nxg3 $4 {scheitert an Matt in 2} 69. Qf7+ Kh8 70. Ng6#) 1/2-1/2

[Event "LLB"]
[Site "Uttendorf"]
[Date "2005.11.05"]
[Round "?"]
[White "Grundner, Alois"]
[Black "Buchebner, Markus"]
[Result "0-1"]
[ECO "D18"]
[WhiteElo "2020"]
[BlackElo "1864"]
[Annotator "Fritz 8 (15s)"]
[PlyCount "62"]
[TimeControl "300"]

{96MB, Fritz8.ctg, OEMComputer D18: Damengambit (Slawische Verteidigung,
Hauptvariante)} 1. d4 d5 2. c4 c6 3. Nc3 Nf6 4. Nf3 dxc4 5. a4 Bf5 6. e3 e6 7.
Bxc4 Bb4 8. O-O Nbd7 9. Qe2 Bg6 10. Bd2 {letzter Buchzug} a5 11. Rac1 O-O 12.
Rfe1 Qe7 13. Bd3 Bh5 14. e4 e5 15. d5 {Weiß erobert Raum} Nc5 16. Bc2 Rad8 17.
dxc6 (17. Bg5 h6 18. Bh4 Bxc3 19. bxc3 cxd5 20. exd5 Rxd5 $15) 17... bxc6 18.
Rcd1 (18. Be3 $142 $15 {sieht noch spielbar aus}) 18... Ne6 $19 19. Be3 Nd4 $1
{entscheidet sofort} 20. Bxd4 (20. Nxd4 exd4 {Motiv: Doppelangriff}) 20... exd4
({Schlechter scheint} 20... Rxd4 21. h3 $17) 21. e5 Nd5 (21... dxc3 $5 22. Rxd8
Rxd8 23. bxc3 Bxc3 24. exf6 Qxe2 25. Rxe2 Bxf3 26. gxf3 Bxf6 27. Kf1 $19) 22.
Rxd4 (22. Nxd5 $5 {sieht gut aus} Rxd5 23. Rf1 $15) 22... Nxc3 $17 23. bxc3
Rxd4 24. cxd4 Bxe1 25. Qxe1 Qb4 (25... c5 26. d5 Bxf3 27. gxf3 Qg5+ 28. Kf1 $19
) 26. Qe4 (26. Qxb4 $142 $5 axb4 27. Nd2 $15) 26... Bg6 $19 27. Qxc6 Qb2 28.
Ne1 Qc1 29. Qc3 h6 (29... Bxc2 $5 30. Kf1 Qd1 31. Qxc2 Qxd4 $19) 30. Kf1 (30.
Qe3 Qxe3 31. fxe3 Bxc2 32. Nxc2 $17) 30... Rb8 (30... Bxc2 $142 $5 31. Qxc2 Qa1
$17) 31. Qc7 $4 {vergibt den sicheren Gewinn} (31. d5 $142 $11 {war noch
möglich}) 31... Bd3+ $3 $19 {die Krönung} (31... Bd3+ 32. Bxd3 Qxc7 $19) 0-1

[Event "LLA"]
[Site "Uttendorf"]
[Date "2005.11.12"]
[Round "?"]
[White "Engelsberger, Benno"]
[Black "Grundner, Alois"]
[Result "0-1"]
[ECO "A00"]
[WhiteElo "1744"]
[BlackElo "1863"]
[Annotator "Fritz 8 (15s)"]
[PlyCount "100"]
[TimeControl "300"]

{96MB, Fritz8.ctg, OEMComputer A00: Unregelmäßige Eröffnungen} 1. Nc3 d5 2. e4
d4 3. Nce2 e5 4. Ng3 Nf6 5. Bc4 {letzter Buchzug} Be7 6. h3 {Sichert g4} c5 7.
Nf3 Nc6 8. a3 {Punkt b4} Qc7 9. d3 b5 10. Ba2 O-O 11. Bg5 (11. O-O Rb8 $11)
11... h6 12. Bxf6 Bxf6 (12... gxf6 13. Nh4 Kh7 14. Nhf5 Bxf5 15. Nxf5 $18 (15.
exf5 $6 Qa5+ 16. Kf1 Rab8 $11)) 13. Nh5 Qe7 (13... Bd8 14. O-O $15) 14. O-O Be6
15. Bxe6 Qxe6 16. Ng3 Kh7 17. a4 (17. Qe2 g6 $11) 17... a6 $15 18. Nd2 c4 {Der
Standardhebel} (18... g6 19. Qe2 $15) 19. f4 (19. Qe2 cxd3 20. cxd3 g6 $11)
19... exf4 20. Rxf4 (20. Nh5 Bg5 $15) 20... Bg5 21. Rf5 Ne7 22. Rf1 cxd3 (22...
Be3+ 23. Kh1 $15) 23. cxd3 f5 (23... Be3+ 24. Kh1 $15) 24. Nf3 (24. axb5 Qe5
25. Nxf5 Nxf5 26. exf5 Qe3+ 27. Kh1 Qxd2 28. Qxd2 Bxd2 29. bxa6 $17) 24... Be3+
{Läßt den Läufer von der Leine} 25. Kh1 Qg6 26. Qe1 f4 27. Ne2 {[%cal Re2d4,
Rf3d4,Ge3d4] Nimmt den Isolani ins Visier} Nc6 28. Nh4 Qe6 29. axb5 (29. Nf5 b4
$15) 29... axb5 30. Rxa8 Rxa8 31. Nxf4 (31. Nf5 $5 {kam sehr in Betracht} Ra2
32. Nxf4 Bxf4 33. Rxf4 $17) 31... Bxf4 $19 32. Rxf4 g5 33. Rf5 gxh4 34. Qxh4
Nd8 (34... Qd6 $142 $5 35. g3 Rf8 $19) 35. Rf6 (35. Qf4 $5 {kommt in Betracht}
Qg6 36. Rf6 $11) 35... Ra1+ $15 36. Kh2 Qe5+ 37. Qf4 $2 (37. g3 $142 {und Weiß
kann noch kämpfen} Qg5 38. Qxg5 hxg5 39. Rd6 $15) 37... Qxf4+ $19 38. Rxf4 Rd1
39. Rf5 Rxd3 40. Rxb5 Re3 41. Rd5 Ne6 42. e5 (42. b4 Rxe4 43. b5 Re2 $19) 42...
Re2 43. b4 Rxg2+ $1 {Zerstörung der Bauerndeckung} 44. Kh1 $2 (44. Kxg2 {Motiv:
Hinlenkung-> g2} Nf4+ {Motiv: Doppelangriff}) 44... Rb2 45. b5 (45. Rd6 {ist
noch eine dünne Chance} Ng5 46. Kg1 Nxh3+ 47. Kf1 $19) 45... Kg6 46. Rd6 Kf5
47. b6 (47. Kg1 {hilft auch nicht mehr} Kxe5 48. Rd7 Nf4 $19) 47... Kxe5 48.
Rd7 Rxb6 49. Kg2 Rd6 (49... Nf4+ {und Schwarz hätte es noch leichter} 50. Kf2
Nxh3+ 51. Kf3 Rb3+ 52. Ke2 Nf4+ 53. Kd1 $19) 50. Rh7 (50. Rxd6 Kxd6 51. Kf2 $19
) 50... d3 (50... d3 51. Rb7 d2 $19) 0-1

[Event "LLB"]
[Site "Uttendorf"]
[Date "2005.11.19"]
[Round "?"]
[White "Werndl, Erich"]
[Black "Grundner, Alois"]
[Result "0-1"]
[ECO "B01"]
[WhiteElo "2114"]
[BlackElo "1863"]
[Annotator "Fritz 8 (15s)"]
[PlyCount "36"]
[TimeControl "300"]

{96MB, Fritz8.ctg, OEMComputer B01: Skandinavische Verteidigung} 1. e4 d5 2.
Nc3 dxe4 3. Nxe4 e5 4. Bc4 {letzter Buchzug} Bf5 5. Qe2 (5. Qf3 Qc8 $16) 5...
Nd7 6. Nf3 Bd6 7. d4 Qe7 8. O-O O-O-O 9. Nxd6+ cxd6 10. dxe5 dxe5 11. Bg5 f6
12. Be3 Kb8 13. Rfd1 Nh6 14. Bxh6 gxh6 15. Nd4 Bg6 16. a4 Nb6 17. Bb3 Nc8 18.
a5 $4 {gibt den Vorteil aus der Hand.} (18. Nb5 $142 $14 {bringt noch Rettung})
18... exd4 (18... exd4 19. Qf3 Rhe8 $19) 0-1

[Event "LLA"]
[Site "Uttendorf"]
[Date "2005.11.27"]
[Round "?"]
[White "Grundner, Alois"]
[Black "Huber, Josef"]
[Result "1/2-1/2"]
[ECO "A50"]
[WhiteElo "1863"]
[BlackElo "1851"]
[Annotator "Fritz 8 (15s)"]
[PlyCount "74"]
[TimeControl "240+2"]

{96MB, Fritz8.ctg, OEMComputer A50: Damenindisch (ohne e7-e6)} 1. d4 Nf6 2. c4
Nc6 3. Nf3 e6 4. Nc3 Bb4 5. Bg5 h6 6. Bh4 g5 7. Bg3 Ne4 8. Qc2 {letzter Buchzug
} Nxg3 9. hxg3 ({Schlechter ist} 9. fxg3 g4 10. Ne5 Nxd4 $17) 9... Qf6 (9... g4
$5 {ist bedenkenswert} 10. a3 Be7 $11) 10. e3 $14 d6 {Sichert e5} 11. Bd3 e5
12. d5 {Weiß erobert Raum} Bxc3+ 13. Qxc3 Ne7 14. Nd2 Bf5 15. e4 Bd7 16. c5 {
Nimzowitsch: Bauernketten von der Basis aufrollen} Kf8 $2 (16... dxc5 17. Qxc5
c6 18. Nc4 $16) 17. O-O (17. cxd6 $142 $5 Qxd6 18. Nc4 Qc5 19. Qxe5 Ng6 $18)
17... Rc8 (17... dxc5 18. f4 gxf4 19. gxf4 $16) 18. f4 (18. cxd6 cxd6 19. Qa5
Qg6 $18) 18... Ng6 (18... gxf4 $5 19. gxf4 Rg8 $16) 19. f5 $18 Ne7 20. Nc4 Bb5
$2 (20... h5 21. cxd6 cxd6 22. Qa3 $16) 21. Nxe5 $4 {gibt den Vorteil aus der
Hand} (21. Ne3 $142 {ließe Schwarz keine Chance} Bxd3 22. Ng4 (22. Qxd3 $6 h5
$16) 22... Bxf1 23. Nxf6 $18) 21... dxe5 22. Bxb5 c6 23. dxc6 Nxc6 24. Bxc6
Qxc6 25. Qxe5 f6 26. Qd6+ Qxd6 27. cxd6 Ke8 28. Rad1 Kd7 29. Rf2 Rc6 30. Rfd2
Re8 31. Rd4 Rc2 32. Rb4 b6 33. Kf1 (33. Rd3 h5 $16) 33... Rec8 34. Rdd4 (34.
Rb3 h5 $14) 34... R8c6 35. a3 Rxd6 36. g4 Ke7 37. b3 Rb2 1/2-1/2

[Event "LLB"]
[Site "Uttendorf"]
[Date "2005.12.03"]
[Round "?"]
[White "Junger, Gerald"]
[Black "Grundner, Alois"]
[Result "1/2-1/2"]
[ECO "A18"]
[WhiteElo "1898"]
[BlackElo "1863"]
[Annotator "Fritz 8 (15s)"]
[PlyCount "65"]
[TimeControl "240+2"]

{96MB, Fritz8.ctg, OEMComputer A18: Englische Eröffnung} 1. c4 Nf6 2. Nc3 e6 3.
e4 d5 4. cxd5 exd5 5. e5 d4 6. exf6 dxc3 {letzter Buchzug} 7. bxc3 Qxf6 8. d4
Be7 9. Nf3 O-O 10. Be2 c6 {Verhindert das Eindringen auf b5} (10... Qg6 11. O-O
$11) 11. O-O Bg4 (11... h6 12. Re1 $14) 12. h3 Bxf3 13. Bxf3 Nd7 14. Qb3 b6 15.
Bb2 Rac8 16. Rfe1 Bd6 17. Re4 Bb8 (17... Qf5 18. Re3 Nf6 19. c4 $14) 18. Ba3 c5
19. Rae1 g6 {Kontrolliert h5} (19... Bd6 20. Bc1 $14) 20. Re7 (20. Qa4 $5 Qd6
21. g3 $16) 20... Qf4 $14 21. Bd5 (21. Rxd7 $2 {ist naheliegend und schlecht}
Qh2+ 22. Kf1 Qh1+ 23. Ke2 Rce8+ 24. Kd3 Rxe1 $19) 21... Rcd8 (21... Qh2+ $5 22.
Kf1 Nf6 23. dxc5 Rcd8 $11) 22. g3 $16 Qf5 23. Kg2 Bd6 24. R7e3 Nf6 25. Be4 (25.
Bc4 Rde8 $14) 25... Qc8 26. dxc5 Bxc5 27. Bxc5 Qxc5 28. Bf3 Kg7 29. Re5 Qc7 30.
Re7 Rd7 31. Rxd7 Qxd7 32. Rd1 Qc7 33. Rc1 1/2-1/2

[Event "LL B"]
[Site "Uttendorf"]
[Date "2005.12.16"]
[Round "?"]
[White "Maier, Georg"]
[Black "Grundner, Alois"]
[Result "1/2-1/2"]
[ECO "D36"]
[WhiteElo "2069"]
[BlackElo "1863"]
[Annotator "Fritz 8 (15s)"]
[PlyCount "80"]
[TimeControl "240+2"]

{96MB, Fritz8.ctg, OEMComputer D36: Damengambit (Abtauschvariante)} 1. d4 Nf6
2. c4 e6 3. Nc3 d5 4. cxd5 exd5 5. Bg5 Nbd7 6. e3 c6 7. Qc2 Be7 8. Bd3 O-O 9.
Nge2 Re8 10. O-O Nf8 11. Rab1 Ne4 12. Bxe7 Qxe7 13. Bxe4 dxe4 14. Ng3 f5 15.
Rfd1 Be6 {[%cal Yc4d3,Ye6c4,Yc8e6] Plant Lc8-e6-c4-d3. letzter Buchzug} 16. d5
cxd5 17. Nxd5 Qf7 18. Nc3 Bc4 19. Qa4 Bd3 {Läßt den Läufer von der Leine} 20.
Rbc1 a6 {Überdeckt b5} 21. Qa5 g6 {Befestigt h5} (21... b5 22. f3 $11) 22. Qd5
(22. f3 Nd7 $11) 22... Rad8 23. Qxf7+ (23. Qa5 Qf6 $11) 23... Kxf7 24. Na4 Ne6
25. Nc5 Nxc5 26. Rxc5 Rc8 27. Rdc1 Rxc5 28. Rxc5 Re7 29. h4 Rd7 30. h5 Bb5 31.
Kh2 Bc6 32. Rc2 Bb5 33. b3 (33. Rc5 Kf6 $15) 33... Kg7 34. a4 Bd3 35. Rc1 Re7
36. Rc8 Rd7 37. Kh3 Re7 38. Kh4 Kf6 39. Rf8+ Kg7 40. Rc8 Kf6 1/2-1/2

[Event "LLB"]
[Site "?"]
[Date "2007.01.27"]
[Round "?"]
[White "Grundner, Alois"]
[Black "Huch, Rainer"]
[Result "1/2-1/2"]
[ECO "D15"]
[WhiteElo "1931"]
[BlackElo "2256"]
[Annotator ",Lois"]
[PlyCount "129"]
[TimeControl "300"]

{37MB, LOIS-LXIC8KMRWW} 1. d4 d5 2. c4 c6 3. Nf3 Nf6 4. Nc3 a6 5. e3 b5 6. cxd5
cxd5 7. a3 Bg4 8. Be2 e6 9. O-O Bd6 10. Ne5 Bxe2 11. Qxe2 O-O 12. b4 Nbd7 13.
f4 Rc8 14. Bb2 Nb6 15. Nd3 Nc4 16. Nc5 Bxc5 17. bxc5 Qd7 18. Rfb1 Ra8 19. Bc1
Rfb8 20. Bd2 a5 21. Be1 Qc6 22. h3 b4 23. axb4 Rxb4 ({0.53 Fritz 8:} 23... axb4 ) 24. Bf2 ({-0.38 Fritz 8:} 24. Rxa5 Rxb1 25. Rxa8+ Qxa8 26.
Nxb1 Kf8 27. Nc3 Qa1 ) (24. Nxd5 exd5 25. Bxb4 axb4 26. Rxa8+ Qxa8 27. Rxb4 h6 28.
Rxc4 dxc4 29. Qxc4 Nd5 30. Kf2 Qc6 31. Qb3 Qe6 32. Qb8+ Kh7 33.
Qe5 Qxe5 34. fxe5 Kg6 35. Kf3 Kf5 ) 24... Rab8 25.
Qa2 g6 26. Qc2 Rb2 27. Qc1 R2b4 28. Qc2 Ne8 29. Kh2 ({-1.78 Fritz 8:} 29. Rxb4
axb4 30. Qb3 Qc7 31. Ne2 Nf6 32. Ra4 Na5 33. Qb2 Nc6 ) 29...
Ng7 ({-0.31 Fritz 8:} 29... Rxb1 30. Rxb1 Na3 31. Qa2 Nxb1 32. Nxb1 a4 33. Nc3
Ra8 34. Qa3 ) 30. Nd1 R8b7 31. Bg1 ({-4.22 Fritz 8:} 31. Rxb4
axb4 32. Nb2 b3 33. Qc1 Rb8 34. Kg1 Nf5 35. g4 ) 31... f6 ({-0.
25 Fritz 8:} 31... Rxb1 32. Rxb1 Na3 33. Qa2 Nxb1 34. Qxa5 Nf5 35. Qd8+ Kg7 ) 32. Nc3 Nf5 33. Qc1 Rb3 ({-0.12 Fritz 8:} 33... g5 34. Rxb4
Rxb4 35. Bf2 gxf4 36. exf4 ) 34. Bf2 ({-0.78 Fritz 8:} 34. Rxb3
Rxb3 35. Ne4 Nfxe3 36. Nxf6+ Kg7 37. Bxe3 Kxf6 38. Bf2 ) 34...
Rb2 35. Bg1 Nh4 36. Rxb2 Rxb2 37. Ra2 Nf3+ 38. Kh1 Rxa2 39. Nxa2 Nfd2 40. Nc3
Qb7 41. Qa1 Qb4 42. Qa4 Qxa4 (42... Qxc3 43. Qe8+ Kg7 44. Qe7+ Kh6 45. g4 g5 46. Qxf6# ) 43. Nxa4 Kf7
44. g4 Ke7 45. Kg2 Kd7 46. Kf2 Kc6 47. Ke2 Kb5 48. Nc3+ Kb4 49. Kd3 Kb3 50. f5
exf5 51. gxf5 ({-0.75 Fritz 8:} 51. Nxd5 a4 52. c6 a3 53. c7 Nd6 54. Nc3 N2e4 55. Bh2 Nc8 56. Na2 Kxa2 57.
Kc2 fxg4 58. hxg4 h5 59. gxh5 gxh5 60. d5 Ned6 61. Bxd6 ) 51... gxf5 ({-0.06 Fritz
8:} 51... Nf3 52. Bf2 Nb2+ 53. Ke2 Nxd4+ 54. exd4 Kxc3 55. c6 Nc4 56. c7 Nd6
57. Be1+ Kxd4 58. Bxa5 gxf5 ) 52. Nxd5 a4 53. Nc3 ({-1.91
Fritz 8:} 53. c6 a3 54. c7 Nd6 55. Bh2 Nc8 56. Nc3 Ne4 57. Ne2 )
53... Ne4 ({1.97 Fritz 8:} 53... a3 54. Ne2 Kb2 55. Nc3 Ne4 56. Kxc4 Nxc3 57.
c6 a2 ) 54. Nxa4 Kb4 55. Bh2 ({0.72 Fritz 8:} 55. Nb6 Nb2+ 56.
Kc2 Nc4 57. Nxc4 Kxc4 58. c6 Kd5 59. c7 Nd6 60. Bh2 Nc8 61. Bf4 ) 55... Nf2+ ({1.63 Fritz 8:} 55... Kb5 56. Bc7 Nf2+ 57. Ke2 Nxh3 58. Nb6 Ng5
59. Nc8 Kc6 60. Bf4 Ne4 ) 56. Ke2 Nxh3 57. Nb6 Na5 58. Kf3 Nc6
59. Nd5+ Kc4 60. Nxf6 Ng5+ ({3.13 Fritz 8:} 60... h6 61. Ng8 h5 62. Kg3 Ng5 63.
Kf4 Ne4 64. Kxf5 Nc3 ) 61. Kf4 Ne6+ 62. Kxf5 Nexd4+ 63. exd4
Nxd4+ 64. Kg4 ({0.94 Fritz 8:} 64. Ke5 h6 (64... Kxc5 65. Bg1 Kc6 66. Kxd4 h6 67. Be3 h5 68. Nxh5 Kb6 69. Nf6 Kc6 70. Ne4 Kb7 71. Kc5 Kc7 72. Nf6 Kb7 73. Bf4 Ka6 74. Nd7 Ka7 75. Nb6 Kb7 76. Kb5 Ka7 77.
Kc6 Ka6 78. Nd5 Ka7 79. Bc7 Ka8 80. Nb6+ Ka7 81. Bd6 Ka6 82. Bb8 Ka5 83. Nd5 (83. Nd5 Ka4 84. Kc5 Kb3 85. Nb4 Kb2 86. Bf4 Kc3 87. Bg5 Kb3 88. Bf6 Ka4 89. Kc4 Ka5 90.
Bd8+ Ka4 91. Nd3 Ka3 92. Bc7 Ka4 93. Nb2+ Ka3 94. Kc3 Ka2 95. Kc2 Ka1 96. Bd6 Ka2 97. Nd3 Ka1 98. Bc5 Ka2 99. Nc1+ Ka1 100. Bd4# ) 83... Ka4 84. Be5 Kb3 ) 65. Bg1 Nc6+ 66. Kd6 Kb5 67. Nd5 Na5 68. Nc7+ Kb4 69. c6 Nc4+
70. Ke7 Ka5 71. Ne8 Nb6 72.
c7 Nd5+ 73. Kf7 Nb6 74. Bxb6+ ) 64... Kxc5 65. Nxh7 1/2-1/2

[Event "Lienz Open 2007"]
[Site "?"]
[Date "2007.02.10"]
[Round "1"]
[White "Piotraschke, Lena"]
[Black "Grundner, Alois"]
[Result "0-1"]
[ECO "B01"]
[WhiteElo "1420"]
[BlackElo "1931"]
[Annotator ",Lois"]
[PlyCount "119"]
[TimeControl "300"]

{37MB, LOIS-LXIC8KMRWW} 1. e4 d5 2. exd5 Nf6 3. Nc3 Nxd5 4. Nxd5 Qxd5 5. Qf3 c6
6. Qxd5 cxd5 7. d4 Nc6 8. c3 g6 9. Nf3 Bg7 10. Bb5 O-O 11. Bxc6 bxc6 12. O-O f6
13. Re1 Re8 14. Bd2 e5 15. dxe5 fxe5 16. Bf4 e4 17. Nd4 Bd7 18. h3 Rac8 19.
Rad1 c5 20. Ne2 Bc6 21. Be3 Bb7 22. Nf4 Re5 23. Rd2 Bf8 24. Red1 Rd8 25. a3 a5
26. b3 Be7 27. g3 g5 28. Ng2 Rf5 29. a4 Rc8 30. Rb1 Bf6 31. Rc2 d4 32. cxd4
cxd4 33. Rxc8+ Bxc8 34. Bd2 Rd5 35. Rc1 Bxh3 36. Rc6 Kf7 37. Ra6 Bd8 38. Ra7+
Kg6 39. Ra6+ Kh5 40. Kh2 Bg4 41. Ra7 h6 42. Kg1 Rc5 43. b4 ({-4.25 Fritz 8:} 
43. Ne1 Bd1 44. Ra6 Bc7 45. Re6 Re5 46. Rc6 Re7 47. Nc2 Bxc2 48. Rxc2 Kg4 ) 43... Rc2 44. Be1 Bf3 ({-2.69 Fritz 8:} 44... d3 ) 45. bxa5 ({-3.94 Fritz 8:} 45. Rd7 Bf6 46. bxa5 Ra2 47. Rd6 Kg6 48.
Bb4 e3 49. Nxe3 Ra1+ ) 45... Rc1 46. a6 Ba5 47. Kf1 ({-8.00
Fritz 8:} 47. Rf7 Bxe1 48. a7 Bd2+ 49. Kh2 Rc8 50. Kg1 Kg4 51. Rc7 Ra8 ) 47... Bxg2+ ({-3.59 Fritz 8:} 47... Kg4 48. Rc7 Bxc7 49. a7 e3 50.
fxe3 Rc2 51. exd4 Bxg2+ 52. Kg1 Bd5 53. Bf2 Bxg3 ) 48. Kxg2
Bxe1 49. Ra8 Ra1 50. Re8 Rxa4 51. Rxe4 Bc3 52. Re6 Ra2 ({-3.62 Fritz 8:} 52...
d3 ) 53. Kh3 ({-9.19 Fritz 8:} 53. Kf3 g4+ 54. Ke4 Re2+ 55.
Kd5 d3 56. Rd6 Ra2 57. Kc4 Be1 58. Kb5 d2 ) 53... g4+ 54. Kg2
d3 55. Rd6 d2 56. Rd3 Rxa6 57. f3 gxf3+ 58. Kxf3 Ra1 59. Ke2 Re1+ 60. Kf2 0-1

[Event "Lienz Open 2007"]
[Site "?"]
[Date "2007.02.11"]
[Round "3"]
[White "Wiecker, Stefan"]
[Black "Grundner, Alois"]
[Result "1-0"]
[ECO "B01"]
[WhiteElo "2080"]
[BlackElo "1931"]
[Annotator ",Lois"]
[PlyCount "42"]
[TimeControl "300"]

{37MB, LOIS-LXIC8KMRWW} 1. e4 d5 2. exd5 Nf6 3. Bb5+ Bd7 4. Bc4 b5 5. Bb3 Bg4
6. f3 Bc8 7. Qe2 a6 8. Nc3 g6 9. a3 Bg7 10. d4 O-O 11. Bf4 Bb7 12. Nh3 Nbd7 13.
O-O Nb6 14. Rfe1 Re8 15. Rad1 Nfxd5 16. Nxd5 Bxd5 17. Bxd5 Nxd5 18. Be5 e6 19.
Nf2 Qe7 20. Ng4 h5 21. Ne3 Qg5 {nach etwa weiteren 60 Zügen gewann Schwarz
einen Bauern und dann das Spiel nach etwa weiteren 60 Zügen gewann Schwarz
einen Bauern und dann das Spiel} 1-0

[Event "Lienz Open 2007"]
[Site "?"]
[Date "2007.02.14"]
[Round "6"]
[White "Grundner, Alois"]
[Black "Kawinek, Arnold"]
[Result "1/2-1/2"]
[ECO "A40"]
[WhiteElo "1931"]
[BlackElo "1563"]
[Annotator ",Lois"]
[PlyCount "28"]
[TimeControl "300"]

{37MB, TreeB33.ctg, LOIS-LXIC8KMRWW} 1. d4 e5 2. dxe5 Nc6 3.
Nf3 Qe7 4. Bg5 Qb4+ 5. Nc3 Qxb2 6. Bd2 Bb4 7. Rb1 Qa3 8. Rb3 ({1.09 Fritz 8:} 
8. Nd5 Bxd2+ 9. Qxd2 Qxa2 10. Rd1 Kf8 11. Nxc7 Rb8 12. Qd6+ Nge7 13. Nd5 Ra8
14. Nxe7 ) 8... Qa5 9. a3 Bxa3 ({3.22 Fritz 8:} 9... Bxc3 10.
Bxc3 Qc5 11. Nd4 a5 12. Nxc6 dxc6 13. Bd4 Qd5 14. Qd3 ) 10. Nb5
({0.72 Fritz 8:} 10. Rxa3 Qc5 (10... Qxa3 11. Nb5 Qa4 12. Nxc7+ Kd8 13. Nxa8 Nge7 14. e3 Ng6 15. Bc3 Re8 16. e6 fxe6 17. Bxg7 ) 11.
Ra4 Nge7 12. Ne4 Qd5 13. e3 Nxe5 ) (10. Rb5 Qa6 11. e4 Be7 12. Nd5 Bd8 )
10... Bb4 11. Nxc7+ ({0.00 Fritz 8:} 11. e3 Nh6 12. c3 Bc5 13. c4 Bb4 14. Bxb4
Nxb4 15. Nxc7+ Qxc7 16. Rxb4 ) 11... Qxc7 12. Bxb4 Nxb4 13. Rxb4
Qc3+ 14. Qd2 Qa1+ 1/2-1/2

[Event "Lienz Open 2007"]
[Site "?"]
[Date "2007.02.15"]
[Round "7"]
[White "Sauper, Dorian"]
[Black "Grundner, Alois"]
[Result "1/2-1/2"]
[ECO "B02"]
[WhiteElo "1572"]
[BlackElo "1931"]
[Annotator ",Lois"]
[PlyCount "63"]
[TimeControl "300"]

{37MB, TreeB33.ctg, LOIS-LXIC8KMRWW} 1. e4 {letzter Buchzug} d5 2. exd5 Nf6 3.
Bc4 Nxd5 4. Nc3 c6 5. d4 g6 6. Nf3 Bg7 7. Nxd5 cxd5 8. Bb5+ Nc6 9. O-O O-O 10.
Be3 Bg4 11. c3 Qb6 12. Bxc6 bxc6 13. b4 Qc7 14. h3 Bxf3 15. Qxf3 f6 16. Qe2 e5
17. dxe5 fxe5 18. Bc5 Rfe8 19. Qd2 Rad8 20. Rad1 Bf8 21. Be3 a5 22. a3 Bd6 23.
f3 Rf8 24. Qf2 Rb8 25. Bc5 Rf5 26. Bxd6 Qxd6 27. Rfe1 axb4 28. axb4 Qf6 29. Qe3
Qd6 30. Rd2 Rd8 31. Red1 Ra8 32. Qb6 1/2-1/2

[Event "Lienz Open 2007"]
[Site "?"]
[Date "2007.02.17"]
[Round "9"]
[White "Bodner, Alfred"]
[Black "Grundner, Alois"]
[Result "0-1"]
[ECO "D02"]
[WhiteElo "2030"]
[BlackElo "1931"]
[Annotator ",Lois"]
[PlyCount "72"]
[TimeControl "300"]

{37MB, TreeB33.ctg, LOIS-LXIC8KMRWW} 1. Nf3 {letzter Buchzug} d5 2. d4 Nf6 3. g3 e6 4. Bg2 c5 5. dxc5 Bxc5 6. O-O O-O 7. Nbd2 Nc6 8. Nb3 Bb6 9. c3 e5 10. Qc2 Qe7 11. e3 h6 12. h3 Be6 13. Bd2 Rac8 14. Qd1 Rfd8 15. Qe2 Ne4 16. Be1 f5 17. Nh2 ({Fritz
8:} 17. Rd1 Qf6 18. Bd2 Qg6 19. Kh2 Rf8 20. Qd3 ) 17... Qg5 18. h4 ({Fritz 8:} 18. Rd1 Qg6 19. Nf3 Rf8
20. Nh4 Qf6 21. Nf3 Rcd8 22. Qd3 Qg6 23. Kh2 ) 18... Qg6 19. Bf3 ({Fritz 8:} 19. Rd1 Rd7 20. Nd2 Rcc7
21. Nb3 Ne7 22. h5 Qg5 23. Qf3 Rc4 ) 19... Nf6 20. Kh1 h5 ({Fritz 8:} 20... Qf7 21.
Rg1 d4 22. cxd4 exd4 23. Nxd4 Nxd4 24. exd4 Bxd4 25. Bb4 Bxa2 ) 21. Bg2 Ne4 22. Nd2 Qf7 23. Nhf3 g6 ({Fritz 8:} 
23... d4 24. exd4 exd4 25. Ng5 Nxg5 26. hxg5 dxc3 27. bxc3 Bd5 28. c4 Re8 29.
Qd3 Bxg2+ 30. Kxg2 ) 24. b3 ({Fritz 8:} 24.
Nxe4 dxe4 25. Ng5 Qe7 26. Nxe6 Qxe6 27. f3 exf3 28. Qxf3 e4 29. Qf4 Ne5 30. Qh6 ) 24... Nxc3 25. Ng5 Nxe2 26. Nxf7 Kxf7 27. Nf3 d4 28. Ng5+ Kf6 29. e4 Ne7 30. f4 exf4 31. gxf4 fxe4 32. Nxe4+ Kg7 33. Ng5 Bd5 34. Bxd5 Rxd5 35. Rf2 d3 36. Ne6+ Kf6 0-1